 Dungeon Crawl Stone Soup version 0.30-a0-808-g6e0788376e (webtiles) character file.

Game seed: 3987404488670207635

166 cforsyth the Sneak (level 5, -1/32 HPs)
             Began as a Kobold Brigand on Feb 25, 2023.
             Slain by a gnoll
             ... wielding a +0 flail
             ... led by a gnoll sergeant
              (11 damage)
             ... on level 3 of the Dungeon.
             The game lasted 00:03:33 (3305 turns).

cforsyth the Sneak (Kobold Brigand)                 Turns: 3305, Time: 00:03:34

Health: -1/32      AC:  7    Str:  8    XL:     5   Next: 76%
Magic:  5/5        EV: 15    Int: 13    God:
Gold:   186        SH:  6    Dex: 18    Spells: 4/4 levels left

rFire   . . .      SeeInvis .    a - +2 dagger
rCold   . . .      Faith    .    m - +2 buckler {reflect}
rNeg    . . .      Spirit   .    f - +0 steam dragon scales
rPois   .          Reflect  +    t - +0 helmet
rElec   .          Harm     .    c - +0 cloak
rCorr   .          Rampage  .    (no gloves)
Will    .....                    (no boots)
Stlth   ++++                     (no amulet)
HPRegen 0.25/turn                (no ring)
MPRegen 0.09/turn                (no ring)

@: no status effects
A: small, no large weapons, nightstalker 3
a: no special abilities


You were on level 3 of the Dungeon.
You visited 1 branch of the dungeon, and saw 4 of its levels.

You collected 186 gold pieces.

Inventory:

Hand Weapons
 a - a +2 dagger (weapon)
Missiles
 d - 9 poisoned darts (quivered)
 e - 5 curare-tipped darts
Armour
 b - a +0 robe
 c - a +0 cloak (worn)
 f - +0 steam dragon scales (worn)
 m - a +2 buckler of reflection (worn)
 t - a +0 helmet (worn)
Wands
 s - a wand of flame (19)
 y - a wand of polymorph (11)
Scrolls
 h - 2 scrolls of magic mapping {unknown}
 i - 2 scrolls of teleportation {unknown}
 k - a scroll of blinking {unknown}
 n - a scroll of silence {unknown}
 o - 4 scrolls of identify {unknown}
 q - 2 scrolls of fog {unknown}
 w - a scroll of poison {unknown}
 z - a scroll of noise {unknown}
Potions
 g - 2 potions of lignification {unknown}
 j - 3 potions of cancellation {unknown}
 l - a potion of might {unknown}
 p - 3 potions of brilliance {unknown}
 r - a potion of ambrosia {unknown}
 u - a potion of mutation {unknown}
 v - a potion of curing {unknown}
 x - a potion of attraction {unknown}


   Skills:
 + Level 3.3 Fighting
 + Level 4.1 Short Blades
 - Level 2.1 Throwing
 + Level 3.0 Dodging
 + Level 6.2 Stealth
 + Level 1.3 Shields


You had 4 spell levels left.
You didn't know any spells.
Your spell library contained the following spells:

 Spells                   Type           Power      Damage    Failure   Level
 Apportation              Tloc           0%         N/A       43%         1
 Necrotise                Necr           0%         1d4       43%         1
 Summon Small Mammal      Summ           0%         N/A       43%         1
 Call Canine Familiar     Summ           0%         N/A       80%         3
 Portal Projectile        Hex/Tloc       0%         N/A       80%         3
 Leda's Liquefaction      Hex/Erth       0%         N/A       99%         4


Dungeon Overview and Level Annotations

Branches:
Dungeon (4/15)
 Temple: D:4-7

Altars:
Fedhas
Kikubaaqudgha
Nemelex Xobeh
Okawaru

Shops:
D:2 (


Innate Abilities, Weirdness & Mutations

You are small and have problems with some larger weapons.
You are completely attuned to the shadows.


Message History

The gnoll completely misses you.
You hit the gnoll but do no damage. The gnoll misses you.
The gnoll sergeant splashes around in the water.
You barely miss the gnoll. You block the gnoll's attack.
The gnoll closely misses you.
The gnoll sergeant splashes around in the water.
You completely miss the gnoll. The gnoll barely misses you.
The gnoll misses you.
The gnoll sergeant hits you from afar with a +0 trident.
You barely miss the gnoll. You block the gnoll's attack.
You hit the gnoll but do no damage. The gnoll sergeant barely misses you.
The gnoll splashes around in the water.
The gnoll hits you with a +0 flail.
You hit the gnoll but do no damage.
The gnoll sergeant splashes around in the water.
The gnoll hits you with a +0 club.
You hit the gnoll.
The gnoll is lightly wounded.
The gnoll hits you with a +0 flail.
The gnoll splashes around in the water.
The gnoll sergeant closely misses you.
You barely miss the gnoll.
The gnoll is lightly wounded.
The gnoll hits you but does no damage.
The gnoll splashes around in the water.
The gnoll sergeant barely misses you.
You hit the gnoll.
The gnoll is lightly wounded.
The gnoll misses you.
You completely miss the gnoll.
The gnoll is lightly wounded.
The gnoll sergeant hits you from afar with a +0 trident.
The gnoll splashes around in the water.
The gnoll hits you with a +0 flail.
* * * LOW HITPOINT WARNING * * *
You are too injured to fight recklessly!
You are too injured to fight recklessly!
You are too injured to fight recklessly!
You are too injured to fight recklessly!
The gnoll attacks as you move away! The gnoll completely misses you.
You block the gnoll's attack. The gnoll attacks as you move away!
The gnoll closely misses you. The gnoll attacks as you move away!
The gnoll hits you with a +0 flail!
You die...

.#######......#.....###
########.....#
######### #.....#
#########.......#
#.....#
#~~~~~~~#.[.....#
#.....#
#~~...~~#.......#
#######
#~..~..g#..######
#~.~~~..g.####
#~.!~..~#.g@.###
#~~...~~####..|#
#~~~~~~~# ###.##
########### #..########
#).....# ##........#
####'#### ##.......#
### ##.......#
#.......###.)
#........#
#..(....#..)#
######........#
##.)....#.###


You could see a gnoll sergeant and 2 gnolls.

Vanquished Creatures
  Ijyb (D:3)
  Robin (D:3)
  3 gnolls
  5 adders
  A worm (D:3)
  2 dart slugs (D:1)
  7 endoplasms
  2 giant cockroaches
  12 goblins
  4 hobgoblins
  2 quokkas
  2 ball pythons (D:3)
  2 bats (D:1)
  A frilled lizard (D:1)
  A kobold (D:3)
  5 rats
51 creatures vanquished.

Notes
Turn   | Place    | Note
-------+----------+-------------------------------------------
     0 | D:1      | cforsyth the Kobold Brigand began the quest for the Orb.
     0 | D:1      | Reached XP level 1. HP: 12/12 MP: 1/1
   128 | D:1      | Reached XP level 2. HP: 18/18 MP: 2/2
   399 | D:1      | Found a faded altar of an unknown god.
   914 | D:2      | Reached XP level 3. HP: 20/22 MP: 3/3
  1139 | D:2      | Found Waxilaor's Antique Weapon Emporium.
  1531 | D:2      | Reached XP level 4. HP: 27/27 MP: 4/4
  1924 | D:3      | Noticed Ijyb
  2270 | D:3      | Killed Ijyb
  2271 | D:3      | Reached skill level 6 in Stealth
  2271 | D:3      | Reached skill level 1 in Shields
  2485 | D:3      | Reached XP level 5. HP: 32/32 MP: 5/5
  2684 | D:3      | Noticed Robin
  2741 | D:3      | Killed Robin
  3264 | D:3      | Found an iron altar of Okawaru.
  3267 | D:3      | Found a sparkling altar of Nemelex Xobeh.
  3268 | D:3      | Found an ancient bone altar of Kikubaaqudgha.
  3268 | D:3      | Found a blossoming altar of Fedhas.
  3305 | D:3      | Slain by a gnoll

Illustrated notes

Levels and vault maps discovered:
D:1:      lightli_arrival_windingriver, layout_loops_ring,
          shapermc_ecumenical_altar_mp_highgroup, chequers_decorated_corner
D:2:      layout_basic, serial_shops, nicolae_shop_advertising_works
          [nicolae_subvault_shop_adworks], serial_park_tiny_2,
          kennysheep_generic_room_5
D:3:      layout_basic, mainiacjoe_overflow_alcove_3, kennysheep_generic_room_8,
          uniq_robin, uniq_ijyb
D:4:      kennysheep_big_flooded_room, layout_rooms,
          gammafunk_ghost_nasty_kobolds

Skill      XL: |  1  2  3  4  5 |
---------------+----------------+-----
Short Blades   | 3 4 |  4.1
Dodging        | 2 3 |  3.0
Fighting       | 3 |  3.3
Stealth        | 6 |  6.2
Shields        | 1 |  1.3
Throwing       | |  2.1

Action                     |  1- 3 |  4- 6 || total
---------------------------+-------+-------++-------
  Melee: Dagger            |    65 |   179 ||   244
         Punch             |     1 |       ||     1
   Stab: Sleeping          |     9 |     7 ||    16
 Armour: Steam dragon scal |    11 |    37 ||    48
  Dodge: Dodged            |    39 |   100 ||   139
  Block: Buckler           |     5 |    54 ||    59

Table legend: (Time is in decaauts)
 A = Elapsed time spent in this place.
 B = Non-inter-level travel time spent in this place.
 C = Inter-level travel time spent in this place.
 D = Time resting spent in this place.
 E = Time spent auto-exploring this place.
 F = Levels seen in this place.
 G = Mean time per level.
                   A        B        C        D        E       F      G
               +--------+--------+--------+--------+--------+-----+--------+
         Total |   3286 |   3194 |     92 |    448 |   2212 |   4 |  821.5 |
       Dungeon |   3286 |   3194 |     92 |    448 |   2212 |   4 |  821.5 |
               +--------+--------+--------+--------+--------+-----+--------+

Top non-repeatable levels by time:
     D:2: 1235 daAuts
     D:3: 1080 daAuts
     D:1: 884 daAuts
     D:4: 85 daAuts
